 Dungeon Crawl Stone Soup version 0.29.1-15-g9cfb28693d (webtiles) character file.

Game seed: 986818714039467276

47421 DemonSlayer the Covert (level 14, -13/94 HPs)
             Began as a Demonspawn Earth Elementalist on Mar 4, 2023.
             Was the Champion of Dithmenos.
             Mangled by an orc knight
             ... wielding a +0 battleaxe
              (29 damage)
             ... while paralysed by an orc sorcerer
             ... on level 2 of the Orcish Mines.
             The game lasted 01:11:02 (21877 turns).

DemonSlayer the Covert (DsEE)                      Turns: 21877, Time: 01:11:02

Health: -13/94     AC: 14    Str:  9      XL:     14   Next: 8%
Magic:  30/38      EV:  2    Int: 19 (22) God:    Dithmenos [******]
Gold:   346        SH:  0    Dex: 17      Spells: 4/35 levels left

rFire   + . .      SeeInvis .   t - +7 rapier (vorpal)
rCold   . . .      Faith    .   b - orb {*channel}
rNeg    + . .      Spirit   .   J - +0 troll leather armour
rPois   .          Reflect  .   (helmet restricted)
rElec   .          Harm     .   H - +2 cloak
rCorr   .          Rampage  .   (no gloves)
Will    +....                   c - +2 pair of boots "Watiroli" {rF+ rN+ Dex+4}
Stlth   ++++++++++              S - amulet of regeneration
HPRegen 1.85/turn               V - ring of magical power
MPRegen 0.26/turn               r - +4 ring of protection

@: paralysed, corroded, wreathed by umbra, studying Evocations
A: antennae 1, yellow scales 2, demonic guardian 2, demonic magic 2
a: Renounce Religion, Shadow Step, Shadow Form


You were on level 2 of the Orcish Mines.
You worshipped Dithmenos.
Dithmenos was exalted by your worship.
You visited 4 branches of the dungeon, and saw 17 of its levels.
You also visited: Sewer.

You collected 1739 gold pieces.
You spent 1393 gold pieces at shops.

Inventory:

Hand Weapons
 t - a +7 vorpal rapier (weapon)
Missiles
 m - 3 silver javelins
 x - 7 curare-tipped darts
 R - 3 silver boomerangs
Armour
 b - an orb of energy (worn)
 c - the +2 pair of boots "Watiroli" (worn) {rF+ rN+ Dex+4}
   (You acquired it on level 3 of the Dungeon)

   Dex:       It affects your dexterity (+4).
   rF:        It protects you from fire.
   rN:        It protects you from negative energy.
 w - +0 swamp dragon scales
 G - +0 fire dragon scales
 H - a +2 cloak (worn)
 J - a +0 troll leather armour (worn)
 P - +0 acid dragon scales
Jewellery
 f - a ring of flight
 r - a +4 ring of protection (right hand)
 S - an amulet of regeneration (around neck)
 U - a ring of see invisible
 V - a ring of magical power (left hand)
Wands
 j - a wand of polymorph (13)
 l - a wand of acid (6)
 E - a wand of iceblast (25)
 L - a wand of paralysis (12)
 M - a wand of flame (22)
Scrolls
 a - 2 scrolls of blinking
 d - 3 scrolls of fear
 i - 2 scrolls of torment
 n - 5 scrolls of poison
 o - 8 scrolls of teleportation
 s - 2 scrolls of enchant armour
 y - 3 scrolls of immolation
 C - a scroll of amnesia
 D - 3 scrolls of fog
 I - 3 scrolls of vulnerability {unknown}
Potions
 e - a potion of mutation {unknown}
 k - a potion of cancellation {unknown}
 p - 5 potions of attraction
 q - 4 potions of flight
 u - 3 potions of invisibility
 v - 6 potions of brilliance
 z - 4 potions of heal wounds
 A - 2 potions of magic
 B - 6 potions of might
 F - 2 potions of haste
 N - a potion of lignification {unknown}
 O - 8 potions of curing
Miscellaneous
 K - a lightning rod (4/4)


   Skills:
 + Level 3.7 Fighting
 + Level 6.8 Short Blades
 + Level 0.4 Throwing
 + Level 4.1 Armour
 + Level 5.0 Dodging
 + Level 13.8 Stealth
 + Level 1.6 Shields
 + Level 11.3 Spellcasting
 + Level 6.1 Conjurations
 + Level 1.5 Transmutations
 + Level 10.7 Earth Magic
 + Level 1.2 Evocations


You had 4 spell levels left.
You knew the following spells:

 Your Spells              Type           Power      Damage    Failure   Level
b - Passwall              Tmut/Erth      28%        N/A       1%          2
c - Stone Arrow           Conj/Erth      84%        3d12      1%          3
d - Petrify               Tmut/Erth      34%        N/A       7%          4
e - Maxwell's Capacitive  Air            5%         ∞         100%        8
f - Hailstorm             Conj/Ice       22%        3d7       26%         4
g - Summon Lightning Spi  Summ/Air       10%        N/A       65%         4
h - Frozen Ramparts       Ice            20%        1d4       26%         3
i - Tukima's Dance        Hex            10%        N/A       26%         3

Your spell library contained the following spells:

 Spells                   Type           Power      Damage    Failure   Level
 Sandblast                Erth           100%       2d20      1%          1
 Foxfire                  Conj/Fire      88%        2x1d8     2%          1
 Conjure Flame            Conj/Fire      22%        6-21      8%          3
 Freeze                   Ice            40%        1d6       9%          1
 Necrotise                Necr           40%        1d6       9%          1
 Poisonous Vapours        Pois/Air       20%        N/A       14%         2
 Inner Flame              Hex/Fire       10%        N/A       26%         3
 Portal Projectile        Hex/Tloc       20%        N/A       26%         3
 Vampiric Draining        Necr           10%        2d6       26%         3
 Flame Wave               Conj/Fire      22%        2d8       26%         4
 Borgnjor's Vile Clutch   Necr/Erth      15%        N/A       26%         5
 Blade Hands              Tmut           8%         N/A       78%         5
 Alistair's Intoxication  Tmut/Pois      8%         N/A       87%         5
 Agony                    Necr           10%        N/A       94%         5
 Eringya's Noxious Bog    Tmut/Pois      6%         N/A       100%        6
 Storm Form               Tmut/Air       6%         N/A       100%        7
 Borgnjor's Revivificati  Necr           5%         N/A       100%        8
 Necromutation            Tmut/Necr      6%         N/A       100%        8
 Death's Door             Necr           5%         N/A       100%        9


Dungeon Overview and Level Annotations

Branches:
Dungeon (9/15)             Temple (1/1) D:4            Lair (5/5) D:9
  Swamp (0/4) Lair:3       Spider (0/4) Lair:2        Slime (0/5) Lair:4
    Orc (2/2) D:9           Sewer (visited)
    Elf: Orc:2

Altars:
Ashenzari
Cheibriados
Dithmenos
Fedhas
Gozag
Hepliaklqana
Kikubaaqudgha
Makhleb
Nemelex Xobeh
Okawaru
Qazlal
Ru
Sif Muna
Trog
Uskayaw
Vehumet
Wu Jian
Yredelemnul
Jiyva

Shops:
D:5 *:   D:8 !   Orc:1 ![?   Orc:2 !*

Annotations:
D:7 2 runed translucent doors
Lair:4 2 transporters, Manay's ghost, journeyman DsDe


Innate Abilities, Weirdness & Mutations

You have a pair of small antennae on your head.
You are mostly covered in yellow scales. (AC +3)
A demonic guardian rushes to your aid.
Spells you cast may paralyse nearby enemies.


Message History

The orc suddenly stops moving!
The orc warrior suddenly stops moving!
Your shadow mimicks your spell!
The shadow shard hits the orc sorcerer!!
You kill the orc sorcerer!
Dithmenos accepts your kill.
The smoke demon disappears in a puff of smoke!
The orc knight unwields a +0 arbalest.
The orc knight wields a +0 battleaxe.
The orc knight misses you.
Unknown command.
Magic courses through your body. The orc sorcerer misses you.
The orc knight hits you with a +0 war axe!
The orc knight barely misses you.
The stone arrow hits the orc knight!
The orc knight is moderately wounded.
Malevolent energies surge around you.
The orc warrior suddenly stops moving!
The orc sorcerer gestures at you while chanting.
You suddenly lose the ability to move!
The orc knight hits you with a +0 war axe.
The orc knight hits you with a +0 battleaxe!!
A demonic guardian appears!
You emit a cloud of dark smoke.
The orc is no longer paralysed.
The orc hits you from afar with a +0 trident.
The orc sorcerer casts a spell.
The orc knight hits you with a +0 war axe!
The orc knight hits you but does no damage.
The orc warrior is no longer paralysed.
The orc hits you from afar with a +0 trident.
An orc priest comes into view. It is wielding a +0 flail.
The orc sorcerer hits you but does no damage.
The orc knight hits you with a +0 war axe.
The orc knight roars a battlecry!
The orc priest goes into a battle-frenzy!
The orc warrior is no longer paralysed.
The orc knight no longer looks unusually strong.
The orc hits you but does no damage.
The orc sorcerer hits you with a +0 dagger!
The orc knight hits you with a +0 war axe!
* * * LOW HITPOINT WARNING * * *
The orc knight hits you with a +0 battleaxe!!
You die...

##))####... ##)..).#....
## ##))).)...... ##.
##))####.#.... ##..
##))## ##..... #..4
##))## ##.... ..#
3oo##§.## ##.#...
.o..4#o#§§#### #......
......o@§###.## #......
#.#.#oo4###...####......
.....## ##.#.##...#...
#.#..# #........##...
.....# ##.#..........
#∩.∩# ##.##....#..#.
##.# #...#......... ##
##.........#..
##...........


You could see 2 orc knights, an ice devil (summoned), a neqoxec (summoned), an
orc sorcerer (strong, ally target), a red devil (summoned), 2 orc warriors, an
orc priest (strong), an orc (strong) and a friendly ice devil (summoned).

Vanquished Creatures
  An orc warlord (Orc:1)
  A fire dragon (Lair:5)
  A boulder beetle (Lair:3)
  2 catoblepae
  5 hydras
  2 two-headed ogres
  A death yak (Lair:4)
  Sonja (Orc:2)
  A soul eater (Orc:2)
  A swamp dragon (Lair:5)
  Pikel (D:5)
  2 bog bodies (Lair:3)
  An orc knight (Orc:2)
  2 lindwurms (Lair:5)
  An orc sorcerer (Orc:2)
  3 black mambas
  7 elephants
  Joseph (D:7)
  A rust devil (Orc:2)
  A gargoyle (D:7)
  Maggie (D:6)
  Psyche (D:8)
  8 cane toads
  An orange demon (Orc:2)
  7 rime drakes
  6 komodo dragons
  An unseen horror (D:7)
  3 trolls
  A hornet (Lair:4)
  6 polar bears
  5 slime creatures
  7 dream sheep (Lair:5)
  Sigmund (D:3)
  A shadow (D:9)
  5 wyverns
  A vampire (D:7)
  38 yaks
  6 steam dragons
  6 basilisks
  A chaos spawn (Orc:2)
  A vampire mosquito (D:7)
  Menkaure (D:6)
  A swamp worm (Lair:3)
  3 acid dragons
  A warg (Orc:1)
  11 water moccasins
  3 swamp drakes (Lair:5)
  23 orc warriors
  2 black bears (Lair:3)
  The ghost of billll2 the Slasher, an amateur MiBe of Trog (D:5)
  2 sky beasts
  An ice beast (D:7)
  14 wolves
  2 centaurs
  2 ogres
  A lemure (D:5)
  7 kobold brigands
  2 phantoms
  10 bullfrogs
  A gnoll sergeant (D:3)
  3 scorpions
  15 killer bees (D:8)
  2 howler monkeys
  An electric eel (Lair:3)
  14 orc priests
  6 hounds
  4 jellies
  2 gnoll boudas (D:3)
  12 iguanas
  12 orc wizards
  26 gnolls
  23 adders
  4 river rats
  2 shadow imps
  2 white imps
  4 worms
  3 dart slugs
  71 orcs
  6 ball pythons
  6 endoplasms
  2 giant cockroaches
  9 goblins
  6 hobgoblins
  20 jackals
  38 kobolds
  2 quokkas
  2 bats
  6 frilled lizards
  9 rats
543 creatures vanquished.

Vanquished Creatures (collateral kills)
  An orc warrior (D:9)
  A killer bee (D:8)
  2 orcs
4 creatures vanquished.

Vanquished Creatures (others)
  30 fungi
  68 plants
  3 toadstools (D:8)
101 creatures vanquished.

Grand Total: 648 creatures vanquished

Notes
Turn   | Place    | Note
-------+----------+-------------------------------------------
     0 | D:1      | DemonSlayer the Demonspawn Earth Elementalist began the
                  | quest for the Orb.
     0 | D:1      | Reached XP level 1. HP: 13/13 MP: 3/3
   221 | D:1      | Gained mutation: Spells you cast may paralyse adjacent
                  | enemies. [demonic ancestry]
   221 | D:1      | Reached XP level 2. HP: 14/19 MP: 0/5
  1083 | D:1      | Learned a level 2 spell: Passwall
  1113 | D:2      | Gained mutation: You are partially covered in yellow
                  | scales. (AC +2) [demonic ancestry]
  1113 | D:2      | Reached XP level 3. HP: 24/24 MP: 4/6
  1292 | D:2      | Identified a scroll of acquirement
  1309 | D:2      | Reached skill level 2 in Stealth
  1623 | D:2      | Gained mutation: You are mostly covered in yellow scales.
                  | (AC +3) [demonic ancestry]
  1623 | D:2      | Reached XP level 4. HP: 30/30 MP: 5/7
  1893 | D:2      | Learned a level 3 spell: Stone Arrow
  2143 | D:3      | Found a faded altar of an unknown god.
  2143 | D:3      | Noticed an eye of devastation
  2147 | D:3      | Noticed a shining eye
  2150 | D:3      | Noticed a golden eye
  2150 | D:3      | Noticed an eye of devastation
  2278 | D:3      | Reached skill level 3 in Stealth
  2606 | D:3      | Identified the +2 pair of gloves "Xunonle" {-Cast rF+ rCorr
                  | SInv}
  2728 | D:3      | Noticed Sigmund
  2952 | D:3      | Acquired the +2 pair of boots "Watiroli" {rF+ rN+ Dex+4}
  2995 | D:3      | Reached XP level 5. HP: 35/35 MP: 1/8
  3207 | D:3      | Killed Sigmund
  3208 | D:3      | Gained mutation: A weak demonic guardian rushes to your
                  | aid. [demonic ancestry]
  3208 | D:3      | Reached XP level 6. HP: 26/41 MP: 3/12
  3418 | D:3      | Reached skill level 5 in Earth Magic
  3543 | D:3      | Reached XP level 7. HP: 46/46 MP: 10/13
  3946 | D:3      | Reached skill level 5 in Spellcasting
  4128 | D:3      | Learned a level 4 spell: Petrify
  4410 | D:4      | Found a glowing drain.
  4418 | Sewer    | Entered a sewer
  4577 | Sewer    | Reached XP level 8. HP: 53/53 MP: 13/16
  4581 | Sewer    | Reached skill level 4 in Stealth
  4771 | Sewer    | Learned a level 8 spell: Maxwell's Capacitive Coupling
  4898 | D:4      | Found a staircase to the Ecumenical Temple.
  4939 | Temple   | Entered the Ecumenical Temple
  4980 | Temple   | Became a worshipper of Dithmenos the Shadowed
  5288 | D:4      | Found a basalt altar of Yredelemnul.
  5457 | D:5      | Entered Level 5 of the Dungeon
  5474 | D:5      | Found Maludd's Vocational Training.
  5605 | D:5      | Found a sacrificial altar of Ru.
  5675 | D:5      | Found a transporter.
  5686 | D:5      | Noticed billll2's ghost (amateur MiBe)
  5689 | D:5      | Reached * piety under Dithmenos
  5838 | D:5      | Reached skill level 1 in Short Blades
  5963 | D:5      | Identified the +1 ring mail "Tiablum" {Str-4 Int+7}
  6065 | D:5      | Reached skill level 5 in Stealth
  6131 | D:5      | Found a transporter.
  6237 | D:5      | Noticed Pikel
  6260 | D:5      | Killed Pikel
  6261 | D:5      | Gained mutation: A demonic guardian rushes to your aid.
                  | [demonic ancestry]
  6261 | D:5      | Reached XP level 9. HP: 56/58 MP: 14/19
  6384 | D:5      | Found Rogrifa's Assorted Antiques.
  6391 | D:5      | Bought a bubbling silvery potion for 21 gold pieces
  6391 | D:5      | Bought an embroidered cloak for 180 gold pieces
  6391 | D:5      | Bought a scroll labelled ZOUMITUALA for 24 gold pieces
  6507 | D:6      | Reached skill level 1 in Fighting
  6533 | D:6      | Noticed Menkaure
  6549 | D:6      | Killed Menkaure
  6920 | D:6      | Noticed Maggie
  6928 | D:6      | Killed Maggie
  6929 | D:6      | Reached skill level 6 in Stealth
  7789 | D:6      | Found an ornate altar of the Wu Jian Council.
  8157 | D:7      | Noticed a six-headed hydra
  8418 | D:7      | Noticed a gargoyle
  8429 | D:7      | Reached skill level 1 in Conjurations
  8435 | D:7      | Killed a gargoyle
  8568 | D:7      | Found a snail-covered altar of Cheibriados.
  8771 | D:8      | Gained mutation: You have a pair of small antennae on your
                  | head. [demonic ancestry]
  8771 | D:8      | Reached XP level 10. HP: 65/65 MP: 9/22
  8772 | D:8      | Reached skill level 7 in Stealth
  9388 | D:8      | Found Fabbok's Distillery.
  9515 | D:8      | Bought a potion of might for 48 gold pieces
  9515 | D:8      | Bought a potion of invisibility for 96 gold pieces
  9515 | D:8      | Bought a potion of attraction for 36 gold pieces
  9515 | D:8      | Bought 2 potions of curing for 72 gold pieces
  9515 | D:8      | Bought a potion of curing for 36 gold pieces
  9543 | D:8      | Noticed Psyche
  9900 | D:8      | Killed Psyche
  9973 | D:8      | Found a shimmering blue altar of Sif Muna.
 10171 | D:8      | Reached ** piety under Dithmenos
 10734 | D:8      | Reached skill level 1 in Evocations
 10993 | D:8      | Got Vehumet's Meditations on Arcane Weapons
 11341 | D:7      | Reached skill level 1 in Shields
 11373 | D:7      | Found a runed translucent door.
 11374 | D:7      | Found a runed translucent door.
 11374 | D:7      | Noticed a seven-headed hydra
 11558 | D:7      | Reached skill level 8 in Stealth
 11641 | D:7      | Found a stormy altar of Qazlal.
 11816 | D:7      | Paralysed by a vampire for 3 turns
 11872 | D:7      | Noticed Joseph
 11874 | D:7      | Found a broken altar of Ashenzari.
 11875 | D:7      | Found a sparkling altar of Nemelex Xobeh.
 11876 | D:7      | Found an opulent altar of Gozag.
 11882 | D:7      | Killed Joseph
 11883 | D:7      | Reached XP level 11. HP: 54/72 MP: 21/24
 11908 | D:7      | Found a bloodstained altar of Trog.
 11911 | D:7      | Found a burning altar of Makhleb.
 12058 | D:7      | Learned a level 4 spell: Hailstorm
 12063 | D:7      | Learned a level 4 spell: Summon Lightning Spire
 12126 | D:9      | Reached *** piety under Dithmenos
 12184 | D:9      | Got Sif Muna's Cyclopedia of the Ground and the Sky
 12204 | D:9      | Found a staircase to the Orcish Mines.
 12296 | D:9      | Found a staircase to the Lair.
 12314 | D:9      | Found a hide-covered altar of Uskayaw.
 12491 | D:9      | Reached skill level 1 in Armour
 12652 | D:9      | Noticed a two-headed ogre
 12657 | D:9      | Killed a two-headed ogre
 12870 | D:9      | Found an ancient bone altar of Kikubaaqudgha.
 12898 | D:9      | Reached skill level 9 in Stealth
 13047 | D:9      | Reached **** piety under Dithmenos
 13269 | D:9      | Learned a level 3 spell: Frozen Ramparts
 13348 | D:7      | Noticed a two-headed ogre
 13354 | D:7      | Killed a two-headed ogre
 13543 | Lair:1   | Entered Level 1 of the Lair of Beasts
 13643 | Lair:1   | Reached skill level 10 in Spellcasting
 13984 | Lair:1   | Gained mutation: Spells you cast may paralyse nearby
                  | enemies. [demonic ancestry]
 13984 | Lair:1   | Reached XP level 12. HP: 80/80 MP: 19/26
 14414 | Lair:2   | Reached skill level 10 in Stealth
 14861 | Lair:2   | Found a hole to the Spider Nest.
 14891 | Lair:2   | Noticed a five-headed hydra
 14896 | Lair:2   | Killed a five-headed hydra
 15489 | Lair:3   | Reached skill level 5 in Short Blades
 15730 | Lair:3   | Reached skill level 11 in Stealth
 15808 | Lair:3   | Noticed a boulder beetle
 15818 | Lair:3   | Killed a boulder beetle
 15969 | Lair:3   | Reached skill level 1 in Transmutations
 16036 | Lair:3   | Reached skill level 10 in Earth Magic
 16335 | Lair:3   | Found a staircase to the Swamp.
 16722 | Lair:4   | Reached skill level 12 in Stealth
 16887 | Lair:4   | Noticed a catoblepas
 16898 | Lair:4   | Noticed a death yak
 17000 | Lair:4   | Found a viscous altar of Jiyva.
 17000 | Lair:4   | Found a staircase to the Slime Pits.
 17006 | Lair:4   | Reached ***** piety under Dithmenos
 17115 | Lair:4   | Noticed an eight-headed hydra
 17122 | Lair:4   | Killed an eight-headed hydra
 17123 | Lair:4   | Reached XP level 13. HP: 85/85 MP: 14/27
 17628 | Lair:4   | Noticed Manay's ghost (journeyman DsDe)
 17629 | Lair:4   | Found a transporter.
 17637 | Lair:4   | Found a transporter.
 17942 | Lair:4   | Learned a level 3 spell: Tukima's Dance
 17959 | Lair:5   | Entered Level 5 of the Lair of Beasts
 18079 | Lair:5   | Reached skill level 5 in Conjurations
 18763 | Lair:5   | Noticed a fire dragon
 19183 | Lair:5   | Reached skill level 13 in Stealth
 19821 | Lair:5   | Killed a fire dragon
 20195 | Orc:1    | Entered Level 1 of the Orcish Mines
 20213 | Orc:1    | Found Siupt's Distillery.
 20302 | Orc:1    | Found Zeroc's Magic Scroll Shop.
 20645 | D:5      | Bought a manual of Evocations for 880 gold pieces
 20662 | D:5      | Killed billll2's ghost
 20825 | Orc:1    | Reached skill level 5 in Dodging
 20898 | Orc:1    | Noticed an orc warlord
 20907 | Orc:1    | Killed an orc warlord
 21048 | Orc:1    | Found Putapt's Armour Emporium.
 21263 | Orc:2    | Entered Level 2 of the Orcish Mines
 21263 | Orc:2    | Noticed Sonja
 21265 | Orc:2    | Killed Sonja
 21265 | Orc:2    | Reached ****** piety under Dithmenos
 21492 | Orc:2    | Reached XP level 14. HP: 88/94 MP: 18/29
 21861 | Orc:2    | Found Zuohegg's General Store.
 21862 | Orc:2    | Found Aczikhlit's Distillery.
 21874 | Orc:2    | Paralysed by an orc sorcerer for 5 turns
 21877 | Orc:2    | Mangled by an orc knight

Illustrated notes

Levels and vault maps discovered:
D:1:      saegor_arrival_simple_e, layout_loops_ring
D:2:      layout_rooms
D:3:      lemuel_castle_with_subvaults [lemuel_castle_interior_original],
          layout_rooms, hellmonk_ecumenical_altar_watching_god, uniq_sigmund
D:4:      layout_basic, mainiacjoe_overflow_catwalk,
          minmay_temple_entry_large_hall, lightli_sewer_entry_pipes,
          minivault_11, chequers_serial_rivers_small_b
D:5:      layout_basic, mainiacjoe_overflow_boulevard, gammafunk_ghost_arena,
          serial_shops, shop, nicolae_shop_vocational, uniq_pikel
D:6:      layout_basic, mainiacjoe_overflow_concentric_impassable, uniq_maggie,
          uniq_menkaure
D:7:      minmay_the_grid_four_pointed_star
          [minmay_the_grid_triangle_9x9_shrine,
          minmay_the_grid_triangle_9x9_tough_junction,
          minmay_the_grid_triangle_9x9_negative_grid,
          minmay_the_grid_triangle_9x9_minimal,
          minmay_the_grid_prize_four_corners], layout_loops_corners,
          mainiacjoe_overflow_cross_hatched, mainiacjoe_overflow_brackets,
          lemuel_round_altar, minmay_overflow_temple_star_hex, uniq_joseph
D:8:      layout_basic, lemuel_blue_sif_altar, serial_shops, shop,
          minmay_gold_behind_fungi, grunt_ministairs_4, uniq_psyche
D:9:      layout_basic, nicolae_overflow_crystal_walls, old_standard_altar,
          david_lair_generic, david_orc_2
Temple:   nicolae_temple_little_seven
Lair:1:   layout_long_grid, hibernation_bobbens
Lair:2:   layout_small_grid, dummy_spider_entry
Lair:3:   beast_lair_carwin_large_2, layout_regular_city,
          nicolae_swamp_entry_splash_gauntlet, lemuel_fruit_tree
Lair:4:   minmay_lair_venomous_thicket, layout_gridlike,
          minmay_slime_entry_pillars, gammafunk_ghost_arena,
          nicolae_lair_yak_garden
Lair:5:   guppyfry_lair_end_dragon, layout_gridlike
Orc:1:    layout_caves, serial_shops, shop, nicolae_diamond_shop,
          nicolae_square_shop, nicolae_shop_waterfront, nicolae_shop_waterfront,
          minmay_orc_barracks
Orc:2:    pf_orc_diabolical, layout_caves, uniq_sonja

Skill      XL: |  1  2  3  4  5  6  7  8  9 10 11 12 13 14 |
---------------+-------------------------------------------+-----
Earth Magic    | 3 4 5 6 7 8 9 10 | 10.7
Dodging        | 2 3 4 5 |  5.0
Stealth        | 2 3 5 6 8 9 12 13 | 13.8
Spellcasting   | 4 5 7 8 9 10 11 | 11.3
Short Blades   | 1 2 3 4 5 6 |  6.8
Fighting       | 1 2 3 |  3.7
Conjurations   | 2 3 4 5 6 |  6.1
Evocations     | 1 |  1.2
Shields        | 1 |  1.6
Armour         | 2 3 4 |  4.1
Transmutations | 1 |  1.5
Throwing       | |  0.4

Action                   |  1- 3 |  4- 6 |  7- 9 | 10-12 | 13-15 || total
-------------------------+-------+-------+-------+-------+-------++-------
Melee: Short sword       |    15 |       |       |       |       ||    15
       Dagger            |    12 |    13 |    39 |       |       ||    64
       Rapier            |       |       |    35 |   143 |   110 ||   288
Throw: Dart              |       |       |     1 |     2 |     2 ||     5
       Javelin           |       |       |       |       |     3 ||     3
 Cast: Sandblast         |    38 |    70 |   149 |   114 |     3 ||   374
       Stone Arrow       |       |       |    35 |   110 |   139 ||   284
       Petrify           |       |       |       |     1 |       ||     1
Evoke: Wand              |       |     1 |     3 |     6 |     2 ||    12
  Use: Scroll            |     3 |     3 |     4 |    20 |     5 ||    35
       Potion            |       |     2 |       |     1 |     3 ||     6
 Stab: Sleeping          |     4 |     3 |    18 |    39 |    14 ||    78
       Paralysed         |     5 |     7 |    35 |    42 |    66 ||   155
Armor: Robe              |     7 |     6 |    32 |    23 |       ||    68
       Troll leather arm |       |       |       |    44 |    60 ||   104
Dodge: Dodged            |    20 |    13 |    41 |   140 |   101 ||   315
Block: Buckler           |     2 |     7 |    20 |    41 |    23 ||    93
